 Dungeon Crawl Stone Soup version 0.30-a0-879-ga8ba668304 (webtiles) character file.

Game seed: 15492768716746972419

585 Maxmaps the Cudgeller (level 7, -1/50 HPs)
             Began as a Demonspawn Gladiator on Mar 14, 2023.
             Succumbed to a hornet's poison
             ... on level 4 of the Dungeon.
             The game lasted 00:02:37 (2680 turns).

Maxmaps the Cudgeller (Demonspawn Gladiator)        Turns: 2680, Time: 00:02:37

Health: -1/50      AC: 10    Str: 14    XL:     7   Next: 15%
Magic:  7/7        EV: 11    Int: 10    God:
Gold:   201        SH:  3    Dex: 16    Spells: 6/6 levels left

rFire   . . .      SeeInvis .    a - +0 flail
rCold   . . .      Faith    .    t - +0 buckler
rNeg    . . .      Spirit   .    g - +0 ring mail
rPois   .          Reflect  .    v - +1 hat
rElec   .          Rampage  .    f - +0 cloak
rCorr   .                        i - +0 pair of gloves
Will    .....                    (no boots)
Stlth   +                        (no amulet)
HPRegen 0.28/turn                (no ring)
MPRegen 0.10/turn                (no ring)

@: lethally poisoned (-1 -> -12), slowed, very slow
A: antennae 2, yellow scales 1, spiny 1, demonic magic 1
a: no special abilities


You were on level 4 of the Dungeon.
You visited 1 branch of the dungeon, and saw 4 of its levels.

You collected 201 gold pieces.

Inventory:

Hand Weapons
 a - a +0 flail (weapon)
Missiles
 d - 4 throwing nets (quivered)
 e - a javelin
Armour
 f - a +0 cloak (worn)
 g - a +0 ring mail (worn)
 i - a +0 pair of gloves (worn)
 t - a +0 buckler (worn)
 v - a +1 hat (worn)
Jewellery
 s - an amulet of faith
Wands
 c - a wand of roots (9)
Scrolls
 j - a scroll of vulnerability {unknown}
 m - 2 scrolls of blinking {unknown}
 n - a scroll of teleportation {unknown}
 o - 2 scrolls of identify {unknown}
 p - a scroll of enchant armour {unknown}
 q - a scroll of brand weapon {unknown}
 r - a scroll of amnesia {unknown}
 w - a scroll of magic mapping {unknown}
Potions
 b - a potion of flight {unknown}
 h - 2 potions of heal wounds {unknown}
 k - 2 potions of brilliance {unknown}
 l - a potion of degeneration {unknown}
 u - a potion of mutation {unknown}


   Skills:
 - Level 2.0 Fighting
 + Level 7.6 Maces & Flails
 - Level 1.7 Throwing
 - Level 2.6 Dodging


You had 6 spell levels left.
You didn't know any spells.
Your spell library was empty.

Dungeon Overview and Level Annotations

Branches:
Dungeon (4/15)             Temple (0/1) D:4

Altars:
Cheibriados
Sif Muna
Trog

Shops:
D:2 *


Innate Abilities, Weirdness & Mutations

You have a pair of antennae on your head.
You are partially covered in yellow scales. (AC +2)
You are partially covered in sharp spines.
Spells you cast may paralyse adjacent enemies.


Message History

You are too injured to fight recklessly!
You are too injured to fight recklessly!
Okay, then.
You hit the hornet but do no damage.
The hornet is lightly wounded.
The hornet is struck by your spines. The hornet barely misses you.
The hornet is struck by your spines.
The hornet stings you but does no damage.
You hit the hornet but do no damage.
The hornet is moderately wounded.
The hornet is struck by your spines. The hornet stings you.
You feel as though you will be slow longer.
The hornet is struck by your spines. The hornet stings you.
You suddenly lose the ability to move!
The hornet stings you but does no damage.
The hornet is struck by your spines. The hornet completely misses you.
You can move again.
Unknown command.
Unknown command.
You miss the hornet.
The hornet is heavily wounded.
The hornet is struck by your spines. The hornet closely misses you.
The hornet is struck by your spines. The hornet stings you!
* * * LOW HITPOINT WARNING * * *
You shrug off the repeated paralysis!
The hornet misses you.
Unknown command.
You barely miss the hornet.
The hornet is almost dead.
You feel yourself speed up. The hornet stings you!
* * * LOW HITPOINT WARNING * * *
You are lethally poisoned!
You feel yourself slow down.
The hornet stings you but does no damage.
An adder comes into view.
The hornet closely misses you.
The adder hisses angrily.
You hit the hornet.
The hornet is almost dead.
You die...

#........[....# #.#
..............# #.#
..............# ###
........).....###
##..........#...#
............#...#
............#>..##
.#..........#....#######
##......... #...@.......
#......... ####†y....#.
#......... .........
#......... #...##.:##
#......... #..#. ###
#......... .##.##
########## . # #S


You could see a hornet and an adder.

Vanquished Creatures
  A yak (D:4)
  An ice beast (D:3)
  An ogre (D:4)
  A bullfrog (D:4)
  A hound (D:4)
  An iguana (D:3)
  Robin (D:2)
  2 adders (D:4)
  An ufetubus (D:4)
  A worm (D:3)
  4 dart slugs (D:1)
  9 orcs (D:3)
  7 endoplasms
  A giant cockroach (D:3)
  11 goblins
  5 hobgoblins
  2 jackals (D:4)
  4 kobolds
  3 quokkas
  6 ball pythons
  3 bats
  5 frilled lizards
  4 rats
  A spectral hobgoblin (D:2)
76 creatures vanquished.

Notes
Turn   | Place    | Note
-------+----------+-------------------------------------------
     0 | D:1      | Maxmaps the Demonspawn Gladiator began the quest for the
                  | Orb.
     0 | D:1      | Reached XP level 1. HP: 16/16 MP: 1/1
   108 | D:1      | Reached skill level 3 in Maces & Flails
   221 | D:1      | Gained mutation: You are partially covered in sharp spines.
                  | [demonic ancestry]
   221 | D:1      | Reached XP level 2. HP: 19/22 MP: 2/2
   688 | D:1      | Gained mutation: Spells you cast may paralyse adjacent
                  | enemies. [demonic ancestry]
   688 | D:1      | Reached XP level 3. HP: 25/27 MP: 3/3
  1003 | D:2      | Noticed Robin
  1007 | D:2      | Reached skill level 4 in Maces & Flails
  1020 | D:2      | Killed Robin
  1135 | D:2      | Found a faded altar of an unknown god.
  1169 | D:2      | Found Hephyrim's Assorted Antiques.
  1716 | D:3      | Found a snail-covered altar of Cheibriados.
  1754 | D:3      | Reached XP level 4. HP: 32/33 MP: 4/4
  1946 | D:3      | Reached skill level 5 in Maces & Flails
  2064 | D:3      | Noticed an ice beast
  2072 | D:3      | Killed an ice beast
  2073 | D:3      | Gained mutation: You are partially covered in yellow
                  | scales. (AC +2) [demonic ancestry]
  2073 | D:3      | Reached XP level 5. HP: 38/38 MP: 5/5
  2260 | D:4      | Found a bloodstained altar of Trog.
  2261 | D:4      | Noticed an ogre
  2268 | D:4      | Killed an ogre
  2269 | D:4      | Reached skill level 6 in Maces & Flails
  2269 | D:4      | Gained mutation: You have a pair of small antennae on your
                  | head. [demonic ancestry]
  2269 | D:4      | Reached XP level 6. HP: 26/44 MP: 6/6
  2447 | D:4      | Found a shimmering blue altar of Sif Muna.
  2572 | D:4      | Found a staircase to the Ecumenical Temple.
  2655 | D:4      | Noticed a yak
  2668 | D:4      | Noticed a hornet
  2671 | D:4      | Killed a yak
  2672 | D:4      | Reached skill level 7 in Maces & Flails
  2672 | D:4      | Gained mutation: You have a pair of antennae on your head.
                  | [demonic ancestry]
  2672 | D:4      | Reached XP level 7. HP: 28/50 MP: 7/7
  2676 | D:4      | Paralysed by a hornet for 2 turns
  2680 | D:4      | Succumbed to a hornet's poison

Illustrated notes

Levels and vault maps discovered:
D:1:      grunt_arrival_lava_bath, layout_basic
D:2:      layout_basic, dreamdust_ecumenical_altar_drowned_temple, serial_shops,
          shop, uniq_robin
D:3:      layout_rooms, cheibriados_altar_1, serial_bayou_ford_a
D:4:      layout_rooms, mainiacjoe_overflow_surrounded_room,
          mainiacjoe_overflow_boulevard, minmay_temple_entry_enclosed_plants,
          minmay_manual_mess

Skill      XL: |  1  2  3  4  5  6 |
---------------+-------------------+-----
Maces & Flails | 3 4 5 6 7 |  7.6
Fighting       | |  2.0
Throwing       | |  1.7
Dodging        | |  2.6

Action                     |  1- 3 |  4- 6 |  7- 9 || total
---------------------------+-------+-------+-------++-------
  Melee: Flail             |    88 |    79 |     8 ||   175
 Armour: Leather armour    |     1 |       |       ||     1
         Ring mail         |    21 |    35 |     4 ||    60
  Dodge: Dodged            |    42 |    45 |     6 ||    93
  Block: Buckler           |       |     8 |     1 ||     9

Table legend: (Time is in decaauts)
 A = Elapsed time spent in this place.
 B = Non-inter-level travel time spent in this place.
 C = Inter-level travel time spent in this place.
 D = Time resting spent in this place.
 E = Time spent auto-exploring this place.
 F = Levels seen in this place.
 G = Mean time per level.
                   A        B        C        D        E       F      G
               +--------+--------+--------+--------+--------+-----+--------+
         Total |   2724 |   2643 |     81 |    103 |   2040 |   4 |  681.0 |
       Dungeon |   2724 |   2643 |     81 |    103 |   2040 |   4 |  681.0 |
               +--------+--------+--------+--------+--------+-----+--------+

Top non-repeatable levels by time:
     D:2: 890 daAuts
     D:1: 837 daAuts
     D:3: 541 daAuts
     D:4: 455 daAuts
